 Dungeon Crawl Stone Soup version 0.25.0-9-g26727b657a (webtiles) character file.

Game seed: 8413209659102065458

476 protoss039 the Sneak (level 6, -9/38 HPs)
             Began as a Vampire Earth Elementalist on June 20, 2020.
             Killed by divine providence
             ... invoked by an orc priest
              (16 damage)
             ... on level 4 of the Dungeon.
             The game lasted 00:20:10 (3634 turns).

protoss039 the Sneak (Vampire Earth Elementalist)   Turns: 3634, Time: 00:20:10

Health: -9/38      AC:  2    Str:  6 (7)  XL:     6   Next: 85%
Magic:  10/12      EV: 13    Int: 19      God:
Gold:   102        SH:  0    Dex: 15      Spells: 10/13 levels left

rFire    . . .     SeeInvis +   y - +2 dagger (chaos)
rCold    . . .     Gourm    .   (no shield)
rNeg     . . .     Faith    .   c - +0 robe
rPois    .         Spirit   .   (no helmet)
rElec    .         Reflect  .   (no cloak)
rCorr    .         Harm     .   (no gloves)
MR       .....                  (no boots)
Stlth    +++.......             (no amulet)
HPRegen  0.32/turn              (no ring)
MPRegen  0.13/turn              (no ring)

@: regenerating quickly
A: no food, fangs 3, see invisible, [frail 1], unbreathing
a: Exsanguinate


You were on level 4 of the Dungeon.
You were alive.

You visited 1 branch of the dungeon, and saw 4 of its levels.

You collected 102 gold pieces.

Inventory:

Hand Weapons
 a - a +1 short sword of venom
 v - a +1 dagger of chaos
 y - a +2 dagger of chaos (weapon)
Missiles
 b - 82 stones (quivered)
Armour
 c - a +0 robe (worn)
 x - a +0 cloak
Jewellery
 g - an uncursed ring of flight {unknown}
 j - an uncursed ring of protection from fire {unknown}
Scrolls
 d - 4 scrolls of teleportation {unknown}
 f - 5 scrolls of identify {unknown}
 i - 3 scrolls of blinking {unknown}
 k - 2 scrolls of fog {unknown}
 m - a scroll of immolation {unknown}
 n - a scroll of enchant armour {unknown}
 r - 2 scrolls of remove curse {unknown}
 s - a scroll of magic mapping {unknown}
Potions
 e - a potion of degeneration {unknown}
 h - a potion of heal wounds {unknown}
 l - a potion of stabbing {unknown}
 o - 2 potions of flight {unknown}
 p - 2 potions of haste {unknown}
 q - a potion of resistance {unknown}
 t - 3 potions of curing {unknown}
 u - a potion of lignification {unknown}


   Skills:
 + Level 1.3 Fighting
 + Level 1.6 Short Blades
 + Level 3.1 Dodging
 * Level 5.6 Stealth
 + Level 4.1 Spellcasting
 + Level 1.1 Transmutations
 + Level 4.7 Earth Magic


You had 10 spell levels left.
You knew the following spells:

 Your Spells              Type           Power        Failure   Level  Hunger
a - Sandblast             Erth           ###...       1%          1    N/A
b - Passwall              Tmut/Erth      ###.....     6%          2    N/A

Your spell library contained the following spells:

 Spells                   Type           Power        Failure   Level  Hunger
 Stone Arrow              Conj/Erth      ##....       16%         3    N/A
 Petrify                  Tmut/Erth      ###.....     38%         4    N/A
 Lee's Rapid Deconstruct  Erth           ###.......   47%         5    N/A

Dungeon Overview and Level Annotations

Branches:
Dungeon (4/15)
 Temple: D:4-7

Altars:
Xom


Innate Abilities, Weirdness & Mutations

You do not eat.
Your natural rate of healing is unusually fast.
You have razor-sharp teeth.
You have supernaturally acute eyesight. (SInv)
You can survive without breathing.
[You are frail. (-10% HP)]


Message History

The orc hits you but does no damage. The orc priest closely misses you.
The orc throws a stone.
The stone hits you but does no damage.
You see here a stone.
Press: ? - help, v - describe, . - travel, g - get item A stone.
The floor.
The orc priest hits you from afar with a +2 trident of pain.
You writhe in agony.
The orc priest calls down the wrath of Beogh upon you.
Beogh smites you!
* * * LOW HITPOINT WARNING * * *
Casting: Sandblast (safe; 1% risk of failure)
Confirm with . or Enter, or press ? or * to list all spells.
Aiming: Passwall (safe; 6% risk of failure)
Press: ? - help, Dir - move target cursor A rock wall.
You begin to meditate on the wall.
You continue meditating on the rock.
The orc priest mumbles some strange prayers to Beogh against you.
Beogh smites you!
You die...

#.......'.# #.#
#.......### #.#
#........# #.#
#........# #.#
#........# #.#
#........#######†##
#.........>.......#
#.......########..#
#.......# #.@..oo.#
#####.......#
#.#####†#
...##.......# #.
#..o# ##.##.......#
#. #o###
#.###'###### #.
#.###.# #.# #o#
#####'###<....# #.#
#.# ........?######
##.# #.#
.........'......
...# #.#
......oo.#######


You could see an orc priest and an orc.

Vanquished Creatures
  2 ogres (D:4)
  A howler monkey (D:4)
  Natasha (thrice) (D:3)
  A worker ant (D:4)
  5 gnolls (D:4)
  2 adders
  3 worms
  3 dart slugs
  4 leopard geckos
  5 orcs
  5 bats
  6 giant cockroaches
  3 hobgoblins (D:1)
  11 jackals
  3 quokkas
  A ball python (D:4)
  4 frilled lizards
  11 goblins
  5 kobolds
  5 rats
83 creatures vanquished.

Notes
Turn   | Place    | Note
-------+----------+-------------------------------------------
     0 | D:1      | protoss039 the Vampire Earth Elementalist began the quest
                  | for the Orb.
     0 | D:1      | Reached XP level 1. HP: 13/13 MP: 3/3
   210 | D:1      | Reached XP level 2. HP: 19/19 MP: 5/5
   747 | D:2      | Reached XP level 3. HP: 22/25 MP: 4/6
  1043 | D:2      | Learned a level 2 spell: Passwall
  1657 | D:3      | Reached XP level 4. HP: 23/31 MP: 5/7
  1795 | D:3      | Noticed Natasha
  1810 | D:3      | Killed Natasha
  1810 | D:3      | Reached skill level 1 in Fighting
  1903 | D:3      | Reached skill level 4 in Stealth
  2264 | D:3      | Noticed Natasha
  2273 | D:3      | Killed Natasha
  2273 | D:3      | Reached XP level 5. HP: 30/37 MP: 3/9
  2635 | D:3      | Noticed Natasha
  2654 | D:3      | Killed Natasha
  2943 | D:4      | Noticed an ogre
  2954 | D:4      | Killed an ogre
  2954 | D:4      | Reached skill level 1 in Short Blades
  3135 | D:4      | Noticed an ogre
  3146 | D:4      | Reached XP level 6. HP: 38/38 MP: 9/11
  3149 | D:4      | Reached skill level 5 in Stealth
  3325 | D:4      | Found a shimmering altar of Xom.
  3634 | D:4      | Killed from afar by an orc priest

Illustrated notes

Levels and vault maps discovered:
D:1:      dpeg_arrival_simpleton_a, layout_rooms
D:2:      cheibrodos_old_hovel, layout_rooms, st_stairs_14,
          kennysheep_generic_room_8
D:3:      layout_basic, minmay_misc_feat_cross, st_stairs_14,
          kennysheep_pointless_box, kennysheep_boxes, uniq_natasha
D:4:      layout_basic, tgw_xom, first_ration, chequers_serial_rivers_small_b

Skill      XL: |  1  2  3  4  5  6 |
---------------+-------------------+-----
Fighting       | 1 |  1.3
Stealth        | 4 5 |  5.6
Spellcasting   | 3 4 |  4.1
Earth Magic    | 4 |  4.7
Short Blades   | 1 |  1.6
Dodging        | 3 |  3.1
Transmutations | |  1.1

Action                   |  1- 3 |  4- 6 || total
-------------------------+-------+-------++-------
Melee: Dagger            |   127 |    54 ||   181
       Unarmed           |     5 |       ||     5
       Bite              |    13 |     5 ||    18
 Cast: Sandblast         |    44 |    53 ||    97
       Passwall          |       |     1 ||     1
 Abil: Bat Form          |       |     1 ||     1
       Exsanguinate      |       |     1 ||     1
       Revivify          |       |     1 ||     1
 Stab: Sleeping          |     8 |     4 ||    12
Armor: Robe              |    22 |     5 ||    27
Dodge: Dodged            |   106 |    63 ||   169
